 Dungeon Crawl Stone Soup version 0.30-a0-757-ga6a79fd877 (webtiles) character file.

Game seed: 3923429275239043946

529 sircluck the Ruffian (level 7, -8/67 HPs)
             Began as a Troll Fighter on Feb 9, 2023.
             Mangled by an ogre
             ... wielding a +0 giant spiked club
              (19 damage)
             ... on level 4 of the Dungeon.
             The game lasted 00:05:46 (2547 turns).

sircluck the Ruffian (Troll Fighter)                Turns: 2547, Time: 00:05:46

Health: -8/67      AC:  4    Str: 27    XL:     7   Next: 3%
Magic:  6/6        EV:  9    Int:  4    God:
Gold:   72         SH:  8    Dex:  9    Spells: 4/6 levels left

rFire   . . .      SeeInvis .      - Unarmed
rCold   . . .      Faith    .    b - +0 kite shield
rNeg    . . .      Spirit   .    a - +0 robe
rPois   .          Reflect  .    (helmet restricted)
rElec   .          Harm     .    (no cloak)
rCorr   .          Rampage  .    (gloves unavailable)
Will    .....                    (boots unavailable)
Stlth   +                        (no amulet)
HPRegen 1.11/turn                (no ring)
MPRegen 0.10/turn                (no ring)

@: no status effects
A: large, unfitting armour, claws 3, regeneration 1, shaggy fur 1, tough skin 1
a: no special abilities


You were on level 4 of the Dungeon.
You visited 1 branch of the dungeon, and saw 4 of its levels.

You collected 112 gold pieces.
You spent 40 gold pieces at shops.

Inventory:

Missiles
 m - 17 stones (quivered)
 o - 6 poisoned darts
 q - 2 large rocks
Armour
 a - a +0 robe (worn)
 b - a +0 kite shield (worn)
Scrolls
 f - a scroll of blinking {unknown}
 g - a scroll of teleportation {unknown}
 h - 3 scrolls of identify {unknown}
 i - 2 scrolls of noise {unknown}
 k - a scroll of fear {unknown}
 l - 2 scrolls of enchant weapon {unknown}
Potions
 c - a potion of might
 d - 3 potions of ambrosia {unknown}
 e - a potion of mutation {unknown}
 j - 2 potions of curing {unknown}
 n - a potion of heal wounds {unknown}
 p - a potion of flight {unknown}


   Skills:
 + Level 3.3 Fighting
 + Level 3.8 Dodging
 + Level 0.3 Stealth
 + Level 4.0 Shields
 + Level 4.8 Unarmed Combat
 + Level 0.3 Spellcasting
 + Level 0.1 Transmutations


You had 4 spell levels left.
You knew the following spells:

 Your Spells              Type           Power      Damage    Failure   Level
a - Wereblood             Tmut           0%         N/A       88%         2

Your spell library contained the following spells:

 Spells                   Type           Power      Damage    Failure   Level
 Sublimation of Blood     Necr           0%         N/A       89%         2
 Summon Hydra             Summ           0%         N/A       100%        7


Dungeon Overview and Level Annotations

Branches:
Dungeon (4/15)
 Temple: D:4-7

Altars:

Shops:
D:3 !


Innate Abilities, Weirdness & Mutations

You are too large for most types of armour.
You have claws for hands.
Your natural rate of healing is unusually fast.
You are covered in fur. (AC +1)
You have tough skin. (AC +1)


Message History

You see here a +0 pair of boots.
There is an open door here.
There is an open door here.
There is an open door here.
You see here a large rock.
q - a large rock
q - 2 large rocks (gained 1)
There is an open door here.
There is an open door here.
There is an open door here.
There is an open door here.
There is an open door here.
m - 17 stones (gained 1)
Things that are here:
a +0 dagger; a kobold corpse An ogre comes into view.
It is wielding a +0 giant spiked club.
An ogre is nearby!
The ogre barely misses you.
You see here 13 gold pieces.
You closely miss the ogre.
The ogre hits you with a +0 giant spiked club!!
You claw the ogre!
The ogre is heavily wounded.
You scratch the ogre.
The ogre is severely wounded.
The ogre hits you with a +0 giant spiked club!!
* * * LOW HITPOINT WARNING * * *
You are too injured to fight recklessly!
You are too injured to fight recklessly!
You are too injured to fight recklessly!
You are too injured to fight recklessly!
You are too injured to fight recklessly!
You are too injured to fight recklessly!
You are too injured to fight recklessly!
You are too injured to fight recklessly!
You are too injured to fight recklessly!
You barely miss the ogre.
The ogre is severely wounded.
The ogre hits you with a +0 giant spiked club!!
You die...

....#.##.##......##...
#....... #....###.######
.....### ###### #.......
....... ##########.
....... #.......##.
....... #.......'..
....... #.......###
......O## ##.......#
.......@# #........#
........# #.....)..###
........# #..)........
........#####...........
.................####.#.
.................# .#.
..####...........# .. ..
#...........# ###
#...........#


You could see an ogre.

Vanquished Creatures
  Menkaure (D:4)
  2 phantoms (D:4)
  Blork the orc (D:4)
  An orc priest (D:3)
  An iguana (D:4)
  3 gnolls (D:2)
  5 adders
  2 worms
  5 orcs (D:3)
  2 endoplasms
  A giant cockroach (D:2)
  6 goblins
  7 jackals
  9 kobolds
  3 quokkas
  5 ball pythons
  6 bats
  A frilled lizard (D:3)
  2 rats
63 creatures vanquished.

Vanquished Creatures (others)
  3 plants (D:4)
3 creatures vanquished.

Grand Total: 66 creatures vanquished

Notes
Turn   | Place    | Note
-------+----------+-------------------------------------------
     0 | D:1      | sircluck the Troll Fighter began the quest for the Orb.
     0 | D:1      | Reached XP level 1. HP: 22/22 MP: 0/0
   632 | D:1      | Reached XP level 2. HP: 29/29 MP: 1/1
  1021 | D:2      | Reached XP level 3. HP: 28/36 MP: 2/2
  1241 | D:2      | Reached XP level 4. HP: 39/44 MP: 3/3
  1401 | D:2      | Learned a level 2 spell: Wereblood
  1709 | D:3      | Reached XP level 5. HP: 49/53 MP: 4/4
  1747 | D:3      | Found Exa Inuory's Distillery.
  1761 | D:3      | Bought a potion of brilliance for 40 gold pieces
  2096 | D:4      | Noticed a phantom
  2103 | D:4      | Killed a phantom
  2171 | D:4      | Reached XP level 6. HP: 29/61 MP: 5/5
  2230 | D:4      | Noticed Menkaure
  2235 | D:4      | Killed Menkaure
  2399 | D:4      | Noticed Blork the orc
  2405 | D:4      | Killed Blork the orc
  2406 | D:4      | Reached XP level 7. HP: 63/67 MP: 6/6
  2547 | D:4      | Mangled by an ogre

Illustrated notes

Levels and vault maps discovered:
D:1:      dpeg_arrival_central, layout_basic
D:2:      layout_basic, grunt_ministairs_1
D:3:      layout_basic, serial_shops, nicolae_shop_hallway_stairs,
          wad_rectangle_vault
D:4:      layout_basic, gammafunk_temple_overflow_claw, minmay_misc_feat_room,
          nicolae_zen_rock_garden, minmay_ruined_shrine, uniq_blork_the_orc,
          uniq_menkaure

Skill      XL: |  1  2  3  4  5  6 |
---------------+-------------------+-----
Shields        | 3 4 |  4.0
Dodging        | 3 |  3.8
Fighting       | 3 |  3.3
Unarmed Combat | 3 4 |  4.8
Stealth        | |  0.3
Spellcasting   | |  0.3
Transmutations | |  0.1

Action                     |  1- 3 |  4- 6 |  7- 9 || total
---------------------------+-------+-------+-------++-------
  Melee: Unarmed           |    80 |   110 |     7 ||   197
    Use: Potion            |       |     1 |       ||     1
 Armour: Robe              |    54 |    22 |       ||    76
  Dodge: Dodged            |    66 |    27 |     1 ||    94
  Block: Kite shield       |    60 |    31 |     1 ||    92

Table legend: (Time is in decaauts)
 A = Elapsed time spent in this place.
 B = Non-inter-level travel time spent in this place.
 C = Inter-level travel time spent in this place.
 D = Time resting spent in this place.
 E = Time spent auto-exploring this place.
 F = Levels seen in this place.
 G = Mean time per level.
                   A        B        C        D        E       F      G
               +--------+--------+--------+--------+--------+-----+--------+
         Total |   2562 |   2482 |     80 |     38 |   1971 |   4 |  640.5 |
       Dungeon |   2562 |   2482 |     80 |     38 |   1971 |   4 |  640.5 |
               +--------+--------+--------+--------+--------+-----+--------+

Top non-repeatable levels by time:
     D:1: 806 daAuts
     D:2: 793 daAuts
     D:3: 509 daAuts
     D:4: 453 daAuts
